 Dungeon Crawl Stone Soup version 0.28.0-43-g3370ac3207 (webtiles) character file.

Game seed: 169695260823923213

128 Peloso the Shield-Bearer (level 4, -1/40 HPs)
             Began as a Minotaur Fighter on Mar 23, 2022.
             Frozen to death by an endoplasm (4 damage)
             ... on level 3 of the Dungeon.
             The game lasted 00:02:42 (2809 turns).

Peloso the Shield-Bearer (Minotaur Fighter)         Turns: 2809, Time: 00:02:43

Health: -1/40      AC: 11    Str: 20    XL:     4   Next: 87%
Magic:  3/3        EV:  5    Int:  5    God:
Gold:   135        SH:  5    Dex: 12    Spells: 3/3 levels left

rFire   . . .      SeeInvis .   a - +0 long sword
rCold   . . .      Faith    .   c - +0 buckler
rNeg    . . .      Spirit   .   g - +0 plate armour
rPois   .          Reflect  .   (helmet restricted)
rElec   .          Harm     .   (no cloak)
rCorr   .          Rampage  .   (no gloves)
Will    +....                   (no boots)
Stlth   ..........              (no amulet)
HPRegen 0.13/turn               j - ring of willpower
MPRegen 0.08/turn               (no ring)

@: no status effects
A: horns 2, retaliatory headbutt
a: no special abilities


You were on level 3 of the Dungeon.
You visited 1 branch of the dungeon, and saw 3 of its levels.

You collected 135 gold pieces.

Inventory:

Hand Weapons
 a - a +0 long sword (weapon)
Armour
 b - a +0 scale mail
 c - a +0 buckler (worn)
 g - a +0 plate armour (worn)
Jewellery
 j - a ring of willpower (left hand)
Scrolls
 e - a scroll of acquirement {unknown}
 h - 2 scrolls of identify {unknown}
 i - a scroll of enchant weapon {unknown}
Potions
 d - a potion of might
 f - a potion of curing {unknown}


   Skills:
 + Level 4.3 Fighting
 + Level 4.4 Long Blades
 + Level 4.3 Armour
 + Level 0.4 Dodging
 + Level 0.1 Stealth
 + Level 4.4 Shields


You had 3 spell levels left.
You didn't know any spells.
Your spell library contained the following spells:

 Spells                   Type           Power      Damage    Failure   Level
 Pain                     Necr           0%         1d4       100%        1
 Agony                    Necr           0%         N/A       100%        5
 Excruciating Wounds      Necr           0%         N/A       100%        5


Dungeon Overview and Level Annotations

Branches:
Dungeon (3/15)

Altars:


Innate Abilities, Weirdness & Mutations

You have a pair of horns on your head.
You reflexively headbutt those who attack you in melee.


Message History

You block the endoplasm's attack. The gnoll hits you with a +0 spear.
The endoplasm freezes you.
You are frozen.
The gnoll hits you with a +0 spear.
Things that are here:
a +0 spear; a gnoll corpse You slash the gnoll!
The gnoll is severely wounded.
The endoplasm hits you but does no damage.
The gnoll closely misses you. The endoplasm barely misses you.
You barely miss the gnoll.
The gnoll is severely wounded.
The gnoll hits you but does no damage.
The endoplasm hits you but does no damage.
You block the gnoll's attack.
You closely miss the gnoll.
The gnoll is severely wounded.
The endoplasm barely misses you. You block the gnoll's attack.
You hit the gnoll.
The gnoll is severely wounded.
The endoplasm closely misses you. The gnoll hits you with a +0 spear.
You hit the gnoll but do no damage.
The gnoll is severely wounded.
The endoplasm freezes you.
You are frozen.
The gnoll hits you but does no damage.
You hit the gnoll but do no damage.
You headbutt the gnoll, but do no damage.
The gnoll is severely wounded.
The endoplasm freezes you.
You are frozen.
The gnoll hits you with a +0 spear.
* * * LOW HITPOINT WARNING * * *
The endoplasm freezes you.
You are frozen.
* * * LOW HITPOINT WARNING * * *
You hit the gnoll but do no damage.
The gnoll is severely wounded.
The gnoll hits you with a +0 spear.
* * * LOW HITPOINT WARNING * * *
The endoplasm freezes you.
You are frozen.
You die...

...## #..# .... #..
.... .. #.. .... .. #.#
...##### #. ##.#
.#.....# .. #..#
.#.....##.# ##.<#
.#......#.# #..J#
........#.# #g@##
..........# #..#
.####.##.(# #..#
#####..#..#####..###..
....(......J.).........
######.#†#.g########...
#..)...# # ###.##.....#
#..##.....#


You could see a gnoll and an endoplasm.

Vanquished Creatures
  Robin (D:2)
  3 adders (D:2)
  3 gnolls (D:3)
  2 dart slugs
  7 ball pythons
  3 endoplasms
  6 hobgoblins
  5 kobolds
  2 quokkas
  2 bats
  4 frilled lizards
  13 goblins
  6 rats
57 creatures vanquished.

Notes
Turn   | Place    | Note
-------+----------+-------------------------------------------
     0 | D:1      | Peloso the Minotaur Fighter began the quest for the Orb.
     0 | D:1      | Reached XP level 1. HP: 19/19 MP: 0/0
   292 | D:1      | Reached XP level 2. HP: 27/27 MP: 1/1
  1207 | D:2      | Reached XP level 3. HP: 33/33 MP: 2/2
  1959 | D:2      | Noticed Robin
  1987 | D:2      | Killed Robin
  1988 | D:2      | Reached XP level 4. HP: 8/40 MP: 3/3
  2809 | D:3      | Frozen to death by an endoplasm

Illustrated notes

Levels and vault maps discovered:
D:1:      nicolae_arrival_memento_mori, layout_loops_corners
D:2:      layout_loops_corners, minmay_puff, uniq_robin
D:3:      layout_rooms

Skill      XL: |  1  2  3  4 |
---------------+-------------+-----
Fighting       | 4 |  4.3
Armour         | 4 |  4.3
Long Blades    | 3 4 |  4.4
Shields        | 4 |  4.4
Dodging        | |  0.4
Stealth        | |  0.1

Action                   |  1- 3 |  4- 6 || total
-------------------------+-------+-------++-------
Melee: Long sword        |   113 |    45 ||   158
       Headbutt          |    15 |     7 ||    22
Armor: Scale mail        |    20 |       ||    20
       Plate armour      |    62 |    41 ||   103
Dodge: Dodged            |    28 |     9 ||    37
Block: Buckler           |    27 |    16 ||    43
